TOP OF THE 1ST |
Greensboro Grasshoppers batting - Pitching for Kane County Cougars : RHP Travis Plesz
|
Pitching: RHP Travis Plesz
|
|
Batting: RHB Tom Thompson
|
0-0: Ball 1-0: Swinging Strike 1-1: Fly out, F8 (Flyball, 89D, EV 101.2 MPH)
|
Batting: RHB Torquato Obawole
|
0-0: Ball 1-0: Foul Ball, location: 2F 1-1: Ball 2-1: Ball 3-1: Fly out, F7 (Flyball, 78XD, EV 80.0 MPH)
|
Batting: RHB Isaiah Brockman
|
0-0: SINGLE (Line Drive, 7S, EV 96.9 MPH)
|
Batting: RHB Jordan Arcidez
|
0-0: Called Strike 0-1: Ball 1-1: Called Strike 1-2: Strikes out swinging
|
Top of the 1st over - 0 runs, 1 hit, 0 errors, 1 left on base; Greensboro 0 - Kane County 0 |
BOTTOM OF THE 1ST |
Kane County Cougars batting - Pitching for Greensboro Grasshoppers : RHP Earl Shepherd
|
Pitching: RHP Earl Shepherd
|
|
Batting: RHB Dave Vargas
|
0-0: Ball 1-0: Foul Ball, location: 2F 1-1: Ground out 5-3 (Groundball, 56S, EV 69.4 MPH)
|
Batting: RHB Franklin Villanueva
|
0-0: Foul Ball, location: 2F 0-1: Ball 1-1: Ball 2-1: DOUBLE (Flyball, 8RD, EV 100.0 MPH)
|
Batting: RHB Marlon Reda
|
0-0: Ball 1-0: Called Strike 1-1: Called Strike 1-2: Strikes out looking
|
Batting: RHB Matt Maxwell
|
0-0: Called Strike 0-1: Ball 1-1: Ground out U3 (Groundball, 3S, EV 89.4 MPH)
|
Bottom of the 1st over - 0 runs, 1 hit, 0 errors, 1 left on base; Greensboro 0 - Kane County 0 |
TOP OF THE 2ND |
Greensboro Grasshoppers batting - Pitching for Kane County Cougars : RHP Travis Plesz
|
Batting: RHB Boof Howell
|
0-0: Ball 1-0: Foul Ball, location: 2F 1-1: Ball 2-1: Foul Ball, location: 2F 2-2: Ball 3-2: Foul Ball, location: 2RF, Error on foul ball, E2 3-2: Strikes out swinging
|
Batting: RHB Masumitsu Sugiura
|
0-0: Called Strike 0-1: Ball 1-1: Foul Ball, location: 2F 1-2: Strikes out swinging
|
Batting: RHB Wei-guo Tsu
|
0-0: Ball 1-0: Swinging Strike 1-1: Fly out, F4 (Flyball, 4D, EV 91.2 MPH)
|
Top of the 2nd over - 0 runs, 0 hits, 1 error, 0 left on base; Greensboro 0 - Kane County 0 |
BOTTOM OF THE 2ND |
Kane County Cougars batting - Pitching for Greensboro Grasshoppers : RHP Earl Shepherd
|
Batting: LHB T.J. Duvall
|
0-0: Ball 1-0: Foul Ball, location: 2F 1-1: Ball 2-1: Called Strike 2-2: Foul Ball, location: 2F 2-2: Foul Ball, location: 2F 2-2: Ball 3-2: Base on Balls
|
Batting: RHB John Pena
|
0-0: SINGLE (Groundball, 6D, EV 103.1 MPH) T.J. Duvall to second
|
Batting: RHB Wes Santiago
|
0-0: Hit by Pitch T.J. Duvall to third John Pena to second
|
Batting: RHB Jake Hodge
|
0-0: Swinging Strike 0-1: DOUBLE (Flyball, 78XD, EV 93.1 MPH) T.J. Duvall scores John Pena scores Wes Santiago to third
|
Batting: LHB Brian Nielsen
|
0-0: Called Strike 0-1: Foul Ball, location: 2F 0-2: SINGLE (Groundball, 34D, EV 97.5 MPH) Wes Santiago scores Jake Hodge to third
|
Batting: RHB Dave Vargas
|
0-0: Foul Ball, location: 2F 0-1: Foul Ball, location: 2F 0-2: Ground out 3-1 (Groundball, 34S, EV 72.5 MPH) Jake Hodge scores Brian Nielsen to second
|
Batting: RHB Franklin Villanueva
|
0-0: Called Strike 0-1: Foul Ball, location: 2F 0-2: Foul Ball, location: 2F 0-2: Ball 1-2: Ball 2-2: Strikes out swinging
|
Batting: RHB Marlon Reda
|
0-0: Fly out, F7 (Line Drive, 7, EV 111.2 MPH)
|
Bottom of the 2nd over - 4 runs, 3 hits, 0 errors, 1 left on base; Greensboro 0 - Kane County 4 |
TOP OF THE 3RD |
Greensboro Grasshoppers batting - Pitching for Kane County Cougars : RHP Travis Plesz
|
Batting: RHB Chris Riddick
|
0-0: Foul Ball, location: 2F 0-1: Swinging Strike 0-2: Ball 1-2: Strikes out swinging
|
Batting: LHB Juan Zuniga
|
0-0: Called Strike 0-1: Reached on error, E5 (Groundball, 56S, EV 73.1 MPH)
|
Batting: RHB Tom Thompson
|
0-0: Ball 1-0: Called Strike 1-1: Swinging Strike Passed Ball! Juan Zuniga to second 1-2: Strikes out swinging
|
Batting: RHB Torquato Obawole
|
0-0: Called Strike 0-1: Swinging Strike 0-2: Strikes out looking
|
Top of the 3rd over - 0 runs, 0 hits, 1 error, 1 left on base; Greensboro 0 - Kane County 4 |
BOTTOM OF THE 3RD |
Kane County Cougars batting - Pitching for Greensboro Grasshoppers : RHP Earl Shepherd
|
Batting: RHB Matt Maxwell
|
0-0: Foul Ball, location: 2F 0-1: Fly out, F6 (Flyball, 6MD, EV 82.5 MPH)
|
Batting: LHB T.J. Duvall
|
0-0: Ball 1-0: Ball 2-0: Called Strike 2-1: Swinging Strike 2-2: Foul Ball, location: 2F 2-2: Strikes out swinging
|
Batting: RHB John Pena
|
0-0: Ball 1-0: Ball 2-0: Ball 3-0: Base on Balls
|
Batting: RHB Wes Santiago
|
0-0: Fielders Choice at 2nd, 6-4 (Groundball, 6, EV 110.0 MPH)
|
Bottom of the 3rd over - 0 runs, 0 hits, 0 errors, 1 left on base; Greensboro 0 - Kane County 4 |
TOP OF THE 4TH |
Greensboro Grasshoppers batting - Pitching for Kane County Cougars : RHP Travis Plesz
|
Batting: RHB Isaiah Brockman
|
0-0: SINGLE (Groundball, 56D, EV 105.0 MPH)
|
Batting: RHB Jordan Arcidez
|
0-0: Ball 1-0: Ball 2-0: SINGLE (Flyball, 9, EV 89.4 MPH) Isaiah Brockman to second
|
Batting: RHB Boof Howell
|
0-0: Foul Ball, location: 2F 0-1: Ball 1-1: Swinging Strike 1-2: Strikes out swinging
|
Batting: RHB Masumitsu Sugiura
|
0-0: Ball 1-0: Called Strike 1-1: Ball 2-1: Ball 3-1: Grounds into double play, 4-6-3 (Groundball, 4, EV 93.8 MPH)
|
Top of the 4th over - 0 runs, 2 hits, 0 errors, 1 left on base; Greensboro 0 - Kane County 4 |
BOTTOM OF THE 4TH |
Kane County Cougars batting - Pitching for Greensboro Grasshoppers : RHP Earl Shepherd
|
Batting: RHB Jake Hodge
|
0-0: Ball 1-0: Ground out U3 (Groundball, 3L, EV 91.2 MPH)
|
Batting: LHB Brian Nielsen
|
0-0: Ball 1-0: Ball 2-0: Called Strike 2-1: Ball 3-1: Called Strike 3-2: Base on Balls
|
Batting: RHB Dave Vargas
|
0-0: Ball 1-0: Foul Ball, location: 2F 1-1: Foul Ball, location: 2F 1-2: Ball 2-2: Foul Ball, location: 2F 2-2: Strikes out swinging
|
Batting: RHB Franklin Villanueva
|
0-0: Ball 1-0: Foul Ball, location: 2F 1-1: Ball 2-1: Foul Ball, location: 2F 2-2: Foul Ball, location: 2F 2-2: Fly out, F8 (Flyball, 78XD, EV 102.5 MPH)
|
Bottom of the 4th over - 0 runs, 0 hits, 0 errors, 1 left on base; Greensboro 0 - Kane County 4 |
TOP OF THE 5TH |
Greensboro Grasshoppers batting - Pitching for Kane County Cougars : RHP Travis Plesz
|
Batting: RHB Wei-guo Tsu
|
0-0: Ball 1-0: Called Strike 1-1: Called Strike 1-2: Ball 2-2: Strikes out swinging
|
Batting: RHB Chris Riddick
|
0-0: Swinging Strike 0-1: Ball 1-1: Ball 2-1: Ground out 5-3 (Groundball, 56, EV 86.2 MPH)
|
Batting: LHB Juan Zuniga
|
0-0: Swinging Strike 0-1: Ball 1-1: Ground out 6-3 (Groundball, 56, EV 82.5 MPH)
|
Top of the 5th over - 0 runs, 0 hits, 0 errors, 0 left on base; Greensboro 0 - Kane County 4 |
BOTTOM OF THE 5TH |
Kane County Cougars batting - Pitching for Greensboro Grasshoppers : RHP Earl Shepherd
|
Batting: RHB Marlon Reda
|
0-0: Ground out 6-3 (Groundball, 56D, EV 83.8 MPH)
|
Batting: RHB Matt Maxwell
|
0-0: Called Strike 0-1: Foul Ball, location: 2F 0-2: Strikes out looking
|
Batting: LHB T.J. Duvall
|
0-0: Called Strike 0-1: Ball 1-1: SINGLE (Groundball, 34D, EV 98.8 MPH)
|
Batting: RHB John Pena
|
0-0: Ball 1-0: Called Strike 1-1: Ball 2-1: Foul Ball, location: 2F 2-2: Ground out 1-3 (Groundball, 15S, EV 66.2 MPH)
|
Bottom of the 5th over - 0 runs, 1 hit, 0 errors, 1 left on base; Greensboro 0 - Kane County 4 |
TOP OF THE 6TH |
Greensboro Grasshoppers batting - Pitching for Kane County Cougars : RHP Travis Plesz
|
Batting: RHB Tom Thompson
|
0-0: Called Strike 0-1: Ball 1-1: Foul Ball, location: 2F 1-2: Foul Ball, location: 2F 1-2: Fly out, F9 (Flyball, 89S, EV 75.6 MPH)
|
Batting: RHB Torquato Obawole
|
0-0: Foul Ball, location: 2F 0-1: Ball 1-1: Ball 2-1: SINGLE (Groundball, P, EV 91.2 MPH) (infield hit)
|
Batting: RHB Isaiah Brockman
|
0-0: Called Strike 0-1: Called Strike 0-2: Ball 1-2: Strikes out looking
|
Batting: RHB Jordan Arcidez
|
0-0: Called Strike 0-1: Called Strike Torquato Obawole is caught stealing 2nd base 2-4
|
Top of the 6th over - 0 runs, 1 hit, 0 errors, 0 left on base; Greensboro 0 - Kane County 4 |
BOTTOM OF THE 6TH |
Kane County Cougars batting - Pitching for Greensboro Grasshoppers : RHP Earl Shepherd
|
Batting: RHB Wes Santiago
|
0-0: Foul Ball, location: 2F 0-1: Ball 1-1: Foul Ball, location: 2F 1-2: Ball 2-2: Strikes out swinging
|
Pitching: LHP Nick Gore
|
|
Batting: RHB Jake Hodge
|
0-0: Ball 1-0: Called Strike 1-1: Foul Ball, location: 2F 1-2: SINGLE (Groundball, 56D, EV 106.9 MPH)
|
Batting: LHB Brian Nielsen
|
0-0: Ball 1-0: SINGLE (Groundball, 25, EV 66.2 MPH) (infield hit) Jake Hodge to second
|
Batting: RHB Dave Vargas
|
0-0: Ball 1-0: Ball 2-0: Ball 3-0: Base on Balls Jake Hodge to third Brian Nielsen to second
|
Batting: RHB Franklin Villanueva
|
0-0: Foul Ball, location: 2F 0-1: Ball 1-1: Fielders Choice at 2nd, 5-4 (Groundball, 5S, EV 86.2 MPH) Jake Hodge scores Brian Nielsen to third
|
Batting: RHB Marlon Reda
|
0-0: Swinging Strike 0-1: Ball 1-1: Called Strike 1-2: Ground out U3 (Groundball, 34S, EV 85.0 MPH)
|
Bottom of the 6th over - 1 run, 2 hits, 0 errors, 2 left on base; Greensboro 0 - Kane County 5 |
TOP OF THE 7TH |
Greensboro Grasshoppers batting - Pitching for Kane County Cougars : RHP Travis Plesz
|
Batting: RHB Jordan Arcidez
|
0-0: Fly out, F6 (Flyball, 6D, EV 78.8 MPH)
|
Batting: RHB Boof Howell
|
0-0: Swinging Strike 0-1: Ball 1-1: Ball 2-1: Ball 3-1: SINGLE (Line Drive, 8LS, EV 110.6 MPH)
|
Batting: RHB Masumitsu Sugiura
|
0-0: Ball 1-0: Ball 2-0: Swinging Strike 2-1: Ball 3-1: Grounds into double play, 4-6-3 (Groundball, 4, EV 106.9 MPH)
|
Top of the 7th over - 0 runs, 1 hit, 0 errors, 0 left on base; Greensboro 0 - Kane County 5 |
BOTTOM OF THE 7TH |
Kane County Cougars batting - Pitching for Greensboro Grasshoppers : LHP Nick Gore
|
Batting: RHB Matt Maxwell
|
0-0: Ball 1-0: Ball 2-0: Ball 3-0: Called Strike 3-1: SINGLE (Groundball, 34D, EV 95.6 MPH)
|
Batting: LHB T.J. Duvall
|
0-0: Ball 1-0: Called Strike 1-1: Ball 2-1: Swinging Strike 2-2: Ball 3-2: Fielders Choice at 2nd, 6-4 (Groundball, 6, EV 88.1 MPH)
|
Pitching: RHP Marco Quezada
|
|
Now at 2B: Jake Shelton
|
|
Batting: RHB John Pena
|
0-0: Ball T.J. Duvall steals 2nd base 1-0: Ground out 4-3 (Groundball, 4M, EV 86.9 MPH) T.J. Duvall to third
|
Batting: RHB Wes Santiago
|
0-0: SINGLE (Groundball, 4MS, EV 99.4 MPH) T.J. Duvall scores
|
Batting: RHB Jake Hodge
|
0-0: Ball 1-0: Ball 2-0: Called Strike 2-1: Called Strike 2-2: Strikes out swinging
|
Bottom of the 7th over - 1 run, 2 hits, 0 errors, 1 left on base; Greensboro 0 - Kane County 6 |
TOP OF THE 8TH |
Greensboro Grasshoppers batting - Pitching for Kane County Cougars : RHP Travis Plesz
|
Pitching: LHP Justin Martin
|
|
Batting: RHB Wei-guo Tsu
|
0-0: Called Strike 0-1: Ball 1-1: Called Strike 1-2: Strikes out swinging
|
Batting: RHB Chris Riddick
|
0-0: Ball 1-0: Swinging Strike 1-1: Ball 2-1: Ground out 6-3 (Groundball, 6, EV 93.1 MPH)
|
Pinch Hitting: RHB Natanael Fusquita
|
0-0: Ball 1-0: Called Strike 1-1: Ball 2-1: Ground out 5-3 (Groundball, 56, EV 103.1 MPH)
|
Top of the 8th over - 0 runs, 0 hits, 0 errors, 0 left on base; Greensboro 0 - Kane County 6 |
BOTTOM OF THE 8TH |
Kane County Cougars batting - Pitching for Greensboro Grasshoppers : RHP Marco Quezada
|
Now at 1B: Natanael Fusquita
|
|
Now at 3B: Jordan Arcidez
|
|
Batting: LHB Brian Nielsen
|
0-0: Ball 1-0: Ground out U3 (Groundball, 3, EV 103.8 MPH)
|
Batting: RHB Dave Vargas
|
0-0: Called Strike 0-1: Ball 1-1: Swinging Strike 1-2: Ball 2-2: Ground out 4-3 (Groundball, 4, EV 85.6 MPH)
|
Batting: RHB Franklin Villanueva
|
0-0: Swinging Strike 0-1: Ball 1-1: Ball 2-1: Foul Ball, location: 2F 2-2: Ball 3-2: Foul Ball, location: 2F 3-2: Foul Ball, location: 2F 3-2: Strikes out looking
|
Bottom of the 8th over - 0 runs, 0 hits, 0 errors, 0 left on base; Greensboro 0 - Kane County 6 |
TOP OF THE 9TH |
Greensboro Grasshoppers batting - Pitching for Kane County Cougars : LHP Justin Martin
|
Batting: RHB Tom Thompson
|
0-0: Ball 1-0: Called Strike 1-1: Foul Ball, location: 2F 1-2: Ball 2-2: Foul Ball, location: 2F 2-2: Strikes out looking
|
Batting: RHB Jake Shelton
|
0-0: Foul Ball, location: 2F 0-1: Ball 1-1: Foul Ball, location: 2F 1-2: Ball 2-2: Strikes out swinging
|
Batting: RHB Isaiah Brockman
|
0-0: Foul Ball, location: 2F 0-1: Ball 1-1: Ball 2-1: Fly out, F3 (Line Drive, 3, EV 74.4 MPH)
|
Top of the 9th over - 0 runs, 0 hits, 0 errors, 0 left on base; Greensboro 0 - Kane County 6 |
|